 Dungeon Crawl Stone Soup version 0.21.1-1-g345015f (webtiles) character file.

131 kae the Ruffian (level 4, -3/36 HPs)
             Began as a Draconian Transmuter on May 15, 2018.
             Slain by microfolk's ghost (5 damage)
             ... on level 3 of the Dungeon.
             The game lasted 00:01:42 (2104 turns).

kae the Ruffian (Draconian Transmuter)              Turns: 2104, Time: 00:01:43

Health: -3/36      AC:  5    Str: 13    XL:     4   Next: 91%
Magic:  7/7        EV: 12    Int: 13    God:
Gold:   71         SH:  0    Dex: 12    Spells: 2/8 levels left

rFire    . . .     SeeInvis .     - Unarmed
rCold    . . .     Gourm    .   (no shield)
rNeg     . . .     Faith    .   (armour unavailable)
rPois    .         Spirit   .   (helmet restricted)
rElec    .         Reflect  .   (no cloak)
rCorr    .         Harm     .   (no gloves)
MR       .....                  (no boots)
Stlth    ..........             (no amulet)
HPRegen  0.12/turn              e - ring of loudness (curse)
MPRegen  0.10/turn              (no ring)

@: hasted, very quick
A: unfitting armour, cold-blooded, AC +5
a: no special abilities


You were on level 3 of the Dungeon.
You were hungry.

You visited 1 branch of the dungeon, and saw 3 of its levels.

You collected 71 gold pieces.

Inventory:

Missiles
 a - 39 arrows
Jewellery
 e - a cursed ring of loudness (left hand)
Potions
 d - a potion of invisibility
 g - 2 potions of curing {unknown}
 h - 2 potions of berserk rage {unknown}
 i - a potion of mutation {unknown}
 l - a potion of flight {unknown}
Books
 b - a book of Changes

   Spells                             Type                      Level
   a - Beastly Appendage              Transmutation                1
   b - Sticks to Snakes               Transmutation                2
   c - Spider Form                    Transmutation/Poison         3
   d - Ice Form                       Ice/Transmutation            4
   e - Blade Hands                    Transmutation                5
Comestibles
 c - 2 rations


   Skills:
 + Level 2.3 Fighting
 - Level 1.7 Dodging
 * Level 4.0 Unarmed Combat
 + Level 2.5 Spellcasting
 * Level 3.3 Transmutations


You had 2 spell levels left.
You knew the following spells:

 Your Spells              Type           Power        Failure   Level  Hunger
a - Beastly Appendage     Tmut           ##....       6%          1    #......
b - Sticks to Snakes      Tmut           ##......     9%          2    ###....
c - Spider Form           Tmut/Pois      #.........   34%         3    ###....


Dungeon Overview and Level Annotations

Branches:
Dungeon (3/15)

Altars:
Hepliaklqana
Qazlal
Sif Muna
Vehumet
Yredelemnul
The Shining One

Annotations:
D:3 microfolk's ghost, weakling DrTm


Innate Abilities, Weirdness & Mutations

Your plain brown scales are hard. (AC +5)
You cannot fit into any form of body armour.
You are cold-blooded and may be slowed by cold attacks.


Message History

Microfolk's ghost hits you.
You barely miss microfolk's ghost.
Microfolk's ghost is severely damaged.
Microfolk's ghost hits you.
You barely miss microfolk's ghost.
Microfolk's ghost is severely damaged.
Microfolk's ghost misses you.
You hit microfolk's ghost.
Microfolk's ghost is severely damaged.
Microfolk's ghost hits you!
You hit microfolk's ghost.
Microfolk's ghost is severely damaged.
Microfolk's ghost hits you!
* * * LOW HITPOINT WARNING * * *
You hit microfolk's ghost.
Microfolk's ghost is almost destroyed.
Microfolk's ghost misses you.
It was a potion of haste.
You feel yourself speed up. Microfolk's ghost hits you.
You die...

#.#
#.#
#.#
#.#
#.#
#)#
#)#
#W#
#@#
###


You could see microfolk's ghost.

Vanquished Creatures
  2 orc wizards (D:3)
  2 adders
  A worm (D:2)
  2 dart slugs (D:1)
  A leopard gecko (D:1)
  3 orcs (D:3)
  2 giant cockroaches (D:3)
  5 goblins
  7 hobgoblins
  3 jackals (D:2)
  4 kobolds
  2 quokkas (D:2)
  5 bats
  4 frilled lizards
  4 rats
47 creatures vanquished.

Vanquished Creatures (others)
  A goblin (D:2)
1 creature vanquished.

Grand Total: 48 creatures vanquished

Notes
Turn   | Place    | Note
-------+----------+-------------------------------------------
     0 | D:1      | kae the Draconian Transmuter began the quest for the Orb.
     0 | D:1      | Reached XP level 1. HP: 16/16 MP: 3/3
   258 | D:1      | Reached XP level 2. HP: 23/23 MP: 3/5
   862 | D:2      | Found a basalt altar of Yredelemnul.
   915 | D:2      | Reached XP level 3. HP: 26/28 MP: 6/6
  1013 | D:2      | Found a stormy altar of Qazlal.
  1212 | D:2      | Found a deep blue altar of Sif Muna.
  1212 | D:2      | Found a hazy altar of Hepliaklqana.
  1213 | D:2      | Found a radiant altar of Vehumet.
  1329 | D:2      | Found a glowing golden altar of the Shining One.
  1533 | D:2      | Noticed an angel
  1606 | D:3      | Learned a level 2 spell: Sticks to Snakes
  1732 | D:2      | Learned a level 3 spell: Spider Form
  1800 | D:3      | Reached XP level 4. HP: 36/36 MP: 0/7
  1803 | D:3      | Reached skill level 4 in Unarmed Combat
  2049 | D:3      | Noticed microfolk's ghost (weakling DrTm)
  2104 | D:3      | Slain by microfolk's ghost

Skill      XL: |  1  2  3  4 |
---------------+-------------+-----
Fighting       | 2 |  2.3
Transmutations | 3 |  3.3
Unarmed Combat | 4 |  4.0
Dodging        | |  1.7
Spellcasting   | |  2.5

Action                   |  1- 3 |  4- 6 || total
-------------------------+-------+-------++-------
Melee: Unarmed           |   146 |    56 ||   202
       Tailslap          |    12 |     2 ||    14
       Headbutt          |     2 |       ||     2
       Kick              |     4 |     2 ||     6
 Cast: Beastly Appendage |     7 |     2 ||     9
       Spider Form       |     1 |       ||     1
  Use: Scroll            |     5 |       ||     5
       Potion            |       |     1 ||     1
  Eat: Chunk             |     2 |     2 ||     4
Armor: Skin              |    58 |    17 ||    75
Dodge: Dodged            |   111 |    38 ||   149
